 Dungeon Crawl Stone Soup version 0.32-a0-18-g89e19f1974 (webtiles) character file.

Game seed: 10375584818545156695

470 zenocrate the Sneak (level 7, -5/28 (35) HPs)
             Began as a Vine Stalker Enchanter on Jan 16, 2024.
             Was an Initiate of Gozag.
             Slain by Edmund
             ... wielding a +6 flail of protection
              (14 damage)
             ... on level 4 of the Dungeon.
             The game lasted 00:03:21 (3111 turns).

zenocrate the Sneak (Vine Stalker Enchanter)        Turns: 3111, Time: 00:03:22

HP:   -5/28 (35)    AC:  3    Str:  9    XL:     7   Next: 9%
MP:   0/11          EV: 13    Int: 15    God:    Gozag
Gold: 103           SH:  0    Dex: 18    Spells: 2/10 levels left

rFire   . . .        b - +1 dagger (elec)
rCold   . . .        (no shield)
rNeg    . . .        m - +0 robe
rPois   +            (no helmet)
rElec   .            (no cloak)
rCorr   .            (no gloves)
SInv    .            n - +0 pair of boots
Will    .....        (no amulet)
Stlth   ++++         o - ring of poison resistance
HPRegen 1.04/turn    (no ring)
MPRegen 0.12/turn

%: guardian spirit
@: heavily drained
A: fangs 2, regeneration 1, magic shield, antimagic bite, no potion heal 2, thin
skeletal structure 1, robust 1, weak 1
a: Renounce Religion, Potion Petition, Call Merchant, Bribe Branch


You were on level 4 of the Dungeon.
You worshipped Gozag.
Gozag was aware of your devotion.
You visited 2 branches of the dungeon, and saw 5 of its levels.

You collected 140 gold pieces.
You paid 37 gold pieces to Gozag.

Inventory:

Hand Weapons
 a - a +1 dagger
 b - a +1 dagger of electrocution (weapon)
 v - a +1 short sword of draining
Missiles
 l - 3 throwing nets (quivered)
 t - 8 poisoned darts
Armour
 m - a +0 robe (worn)
 n - a +0 pair of boots (worn)
Jewellery
 o - a ring of poison resistance (left hand)
 D - a ring of resist corrosion
Wands
 x - a wand of polymorph (8)
Scrolls
 d - a scroll of immolation {unknown}
 f - 2 scrolls of fog {unknown}
 g - a scroll of vulnerability {unknown}
 h - a scroll of fear {unknown}
 k - 2 scrolls of enchant weapon {unknown}
 r - a scroll of blinking {unknown}
 s - 2 scrolls of poison {unknown}
 w - 3 scrolls of revelation
 y - a scroll of teleportation {unknown}
 C - a scroll of noise {unknown}
 E - a scroll of amnesia {unknown}
 F - a scroll of torment {unknown}
Potions
 c - 2 potions of invisibility
 e - a potion of degeneration {unknown}
 i - 2 potions of haste
 j - a potion of mutation
 p - a potion of attraction
 q - a potion of enlightenment
 u - 2 potions of brilliance {unknown}
 z - a potion of curing {unknown}
 A - a potion of ambrosia {unknown}
 B - a potion of magic {unknown}


   Skills:
 + Level 2.7 Short Blades
 - Level 1.9 Armour
 + Level 2.9 Dodging
 + Level 5.3 Stealth
 - Level 2.1 Spellcasting
 + Level 4.1 Hexes
 + Level 2.5 Ice Magic
 + Level 0.0 Evocations


You had 2 spell levels left.
You knew the following spells:

 Your Spells              Type           Power      Damage    Failure   Level
a - Ensorcelled Hibernat  Hex/Ice        22%        N/A       9%          2
b - Confusing Touch       Hex            14%        N/A       12%         3
c - Tukima's Dance        Hex            14%        N/A       12%         3

Your spell library contained the following spells:

 Spells                   Type           Power      Damage    Failure   Level
 Dazzling Flash           Conj/Hex       14%        N/A       28%         3


Dungeon Overview and Level Annotations

Branches:
Dungeon (4/15)             Temple (1/1) D:4

Altars:
Ashenzari
Dithmenos
Elyvilon
Fedhas
Gozag
Kikubaaqudgha
Nemelex Xobeh
Qazlal
Ru
Sif Muna
Trog
Uskayaw
Wu Jian
Xom
Yredelemnul
Zin

Annotations:
D:4 Edmund


Innate Abilities, Weirdness & Mutations

You have extremely sharp teeth.
Your natural rate of healing is unusually fast.
When hurt, damage is shared between your health and your magic reserves.
Your bite disrupts and absorbs the magic of your enemies.
Potions cannot restore your health.
You have a somewhat thin skeletal structure. (Dex +2, Stealth+)
You are robust. (+10% HP)
You are weak. (Str -2)


Message History

Edmund is nearby!
Edmund shouts!
Casting: Ensorcelled Hibernation (safe; 9% risk of failure)
Confirm with . or Enter, or press ? or * to list all spells.
Aiming: Ensorcelled Hibernation (safe; 9% risk of failure)
Press: ? - help, Shift-Dir - straight line, f - Edmund
Aim: Edmund, wielding a +6 flail of protection and wearing a +0 chain mail (chance to affect: 45%) Edmund resists with some effort.
Casting: Ensorcelled Hibernation (safe; 9% risk of failure)
Confirm with . or Enter, or press ? or * to list all spells.
Aiming: Ensorcelled Hibernation (safe; 9% risk of failure)
Press: ? - help, Shift-Dir - straight line, f/p - Edmund
Aim: Edmund, wielding a +6 flail of protection and wearing a +0 chain mail (chance to affect: 45%) Edmund looks drowsy...
The helpless Edmund fails to defend himself.
You impale Edmund!! You bite Edmund, but do no damage.
Edmund is heavily wounded.
Edmund says, "People think my brother is the best.
I think he's crazy."
Edmund barely misses you.
You hit Edmund but do no damage. Lightning courses through Edmund!
You bite Edmund, but do no damage.
Edmund is severely wounded.
Casting: Ensorcelled Hibernation (safe; 9% risk of failure)
Confirm with . or Enter, or press ? or * to list all spells.
Your hands begin to glow red.
Edmund says, "People think my brother is the best.
I think he's crazy."
Edmund closely misses you.
You hit Edmund but do no damage. You bite Edmund, but do no damage.
Edmund is severely wounded.
Edmund hits you with a +6 flail of protection!
You barely miss Edmund.
Edmund is severely wounded.
Edmund hits you with a +6 flail of protection!
You are too injured to fight recklessly!
You hit Edmund but do no damage.
Edmund appears confused.
Edmund is severely wounded.
Edmund hits you with a +6 flail of protection!
Ouch! That really hurt!
You die...
Your body crumbles into a pile of gold.

'.#>#.'.....##............#
#.#'#.#...................#
#.....#...[..#######......##
###'###....#..# #.......#
....##.....##.### ###.###.##
.....#.....##...## #.###..#
...........####..# #...##.#
####.#.....# ##.# ###..#.#
........##.# #@# ##.#.#
........##......@########.#.#
.......................(....####
...............##...#####....).#
........#...... ##. ###....#
....>.....####. .. #....#
..........# # .. #)...#
.....>....# .. #....#
...######.# ##.###


You could see Edmund (confused).

Vanquished Creatures
  A black bear (D:4)
  A scorpion (D:3)
  A howler monkey (D:4)
  3 bombardier beetles
  A gnoll (D:1)
  9 adders
  2 dart slugs
  A ribbon worm (D:2)
  5 orcs
  8 endoplasms
  6 giant cockroaches
  8 goblins
  5 hobgoblins
  9 kobolds
  5 quokkas
  7 ball pythons
  9 bats
  8 rats
89 creatures vanquished.

Notes
Turn   | Place    | Note
-------+----------+-------------------------------------------
     0 | D:1      | zenocrate the Vine Stalker Enchanter began the quest for
                  | the Orb.
     0 | D:1      | Reached XP level 1. HP: 9/9 MP: 4/4
    36 | D:1      | Reached skill level 1 in Short Blades
   143 | D:1      | Reached XP level 2. HP: 8/13 MP: 4/6
   240 | D:1      | Reached skill level 4 in Stealth
   244 | D:1      | Learned a level 2 spell: Ensorcelled Hibernation
   410 | D:1      | Reached XP level 3. HP: 16/16 MP: 7/7
   686 | D:1      | Learned a level 3 spell: Confusing Touch
   798 | D:2      | Reached XP level 4. HP: 21/21 MP: 8/8
   807 | D:2      | Found a faded altar of an unknown god.
  1029 | D:2      | Reached skill level 1 in Ice Magic
  1751 | D:3      | Reached XP level 5. HP: 24/24 MP: 6/9
  1757 | D:3      | Reached skill level 1 in Armour
  2395 | D:3      | Reached XP level 6. HP: 28/28 MP: 10/10
  2399 | D:3      | Learned a level 3 spell: Tukima's Dance
  2606 | D:4      | Reached skill level 5 in Stealth
  2721 | D:4      | Noticed a black bear
  2727 | D:4      | Killed a black bear
  2834 | D:4      | Reached XP level 7. HP: 32/32 MP: 11/11
  2961 | D:4      | Found a staircase to the Ecumenical Temple.
  2973 | Temple   | Entered the Ecumenical Temple
  2985 | Temple   | Became a worshipper of Gozag Ym Sagoz the Greedy
  2990 | Temple   | Gained mutation: You are weak. (Str -2) [potion of
                  | mutation]
  2990 | Temple   | Gained mutation: You are robust. (+10% HP) [potion of
                  | mutation]
  2990 | Temple   | Gained mutation: You have a somewhat thin skeletal
                  | structure. (Dex +2, Stealth+) [potion of mutation]
  3100 | D:4      | Noticed Edmund
  3111 | D:4      | Slain by Edmund

Illustrated notes

Levels and vault maps discovered:
D:1:      scummos_arrival_simple_fountains, layout_rooms,
          kennysheep_small_spiral
D:2:      layout_rooms, chequers_ecumenical_altar_island, nicolae_hexahallways
D:3:      kennysheep_six_static_rooms, layout_basic, serial_curves,
          eino_curves_03, eino_curves_01
D:4:      layout_rooms, hellmonk_okawaru_the_only_friend_you_need,
          minmay_temple_entry_glassed_door, kennysheep_generic_room_14,
          uniq_edmund
Temple:   nicolae_temple_superstar

Skill      XL: |  1  2  3  4  5  6 |
---------------+-------------------+-----
Short Blades   | 1 2 |  2.7
Stealth        | 4 5 |  5.3
Dodging        | 2 |  2.9
Ice Magic      | 1 2 |  2.5
Armour         | 1 |  1.9
Hexes          | 4 |  4.1
Spellcasting   | |  2.1

Action                     |  1- 3 |  4- 6 |  7- 9 || total
---------------------------+-------+-------+-------++-------
  Melee: Dagger            |    94 |   101 |    22 ||   217
         Bite              |    25 |    15 |     7 ||    47
         Punch             |     3 |       |       ||     3
   Cast: Ensorcelled Hiber |     4 |    20 |     4 ||    28
         Confusing Touch   |       |       |     1 ||     1
    Use: Scroll            |       |       |     5 ||     5
         Potion            |       |       |     1 ||     1
   Stab: Sleeping          |     9 |    22 |     3 ||    34
         Distracted        |       |     1 |       ||     1
 Armour: Robe              |    47 |    57 |    11 ||   115
  Dodge: Dodged            |    58 |    72 |    11 ||   141

Table legend: (Time is in decaauts)
 A = Elapsed time spent in this place.
 B = Non-inter-level travel time spent in this place.
 C = Inter-level travel time spent in this place.
 D = Time resting spent in this place.
 E = Time spent auto-exploring this place.
 F = Levels seen in this place.
 G = Mean time per level.
                   A        B        C        D        E       F      G
               +--------+--------+--------+--------+--------+-----+--------+
         Total |   3094 |   2973 |    121 |      0 |   2290 |   5 |  618.8 |
       Dungeon |   3062 |   2964 |     98 |      0 |   2290 |   4 |  765.5 |
        Temple |     31 |      9 |     22 |      0 |      0 |   1 |   31.0 |
               +--------+--------+--------+--------+--------+-----+--------+

Top non-repeatable levels by time:
     D:3: 1212 daAuts
     D:1: 721 daAuts
     D:2: 645 daAuts
     D:4: 483 daAuts
  Temple: 31 daAuts
